AoeStats
← GreatPerson25

Four Lakes

507837768Analyzed
1v1 RM · 11d ago on Sep 19, 2026· 31m 4s· 2 players
Game mode
Random Map
Map size
Tiny (2 player)
Population
200
Speed
Normal
Resources
Standard
Victory
Conquest
Starting age
Dark Age
Ending age
Imperial Age
RankedLock teamsTeams togetherTeam positionsShared explorationLock speedFull tech treeHidden civsTurbo modeCheats
Victory
Defeat
🇺🇾 Poles · Uruguay
1586
+19
🇺🇸 Bohemians · United States
1648
-19
GreatPerson25
10:24 Feudal Age
8:49 Loom
10:39 Feudal Age
11:37 Double-Bit Axe
17:08 Horse Collar
22:54 Castle Age
26:08 Forging
26:27 Medium Warships
25:59 Fishing Lines
28:07 Town Watch
28:45 Gillnets
29:23 Scale Barding Armor
30:31 Chain Barding Armor
DGHIR | Garezo
9:56 Feudal Age
9:43 Loom
10:37 Double-Bit Axe
17:15 Horse Collar
22:45 Castle Age
22:20 Scale Barding Armor
22:50 Light Cavalry
23:52 Chain Barding Armor
24:11 Forging
24:33 Medium Warships
25:17 Bow Saw
26:54 Heavy Plow
27:38 Demolition Ship
31:01 Iron Casting
Connection lost

Rejoining the realm…

Still unreachable

The connection could not be restored.

Session expired

The server has moved on; the page needs a fresh start.